 Dungeon Crawl Stone Soup version 0.30.1-11-g7821555f0a (webtiles) character file.

Game seed: 15658737182892527731

102531 TowerOfEmptiness the Severer (level 15, -5/141 HPs)
             Began as a Minotaur Fighter on Oct 30, 2023.
             Was a High Priest of Okawaru.
             Slain by a cyclops (11 damage)
             ... on level 2 of the Shoals on Oct 31, 2023.
             The game lasted 01:48:06 (25840 turns).

TowerOfEmptiness the Severer (Minotaur Fighter)    Turns: 25840, Time: 01:48:06

Health: -5/141     AC: 34    Str: 28    XL:     15   Next: 86%
Magic:  19/21      EV:  5    Int:  9    God:    Okawaru [*****.]
Gold:   508        SH:  0    Dex: 13    Spells: 14/14 levels left

rFire   . . .        l - +1 war axe (vamp)
rCold   + . .        y - +1 kite shield of Hoty {rN+ Str+3}
rNeg    + . .        Q - +5 plate armour {rPois}
rPois   +            K - +2 hat
rElec   +            I - +3 cloak "Wodifyucw" {Contam Will- Regen+ Stlth+}
rCorr   .            S - +0 pair of gloves
SInv    +            s - +0 pair of boots
Will    .....        F - amulet of the acrobat Stlth
                     t - ring of flight
HPRegen 1.23/turn    p - ring "Toih" {rElec rPois rC+ SInv}
MPRegen 0.17/turn

%: random rage (3%), acrobat
@: heroic, engulfed (cannot breathe), flying, held
A: horns 2, retaliatory headbutt, thin skeletal structure 1, berserk 1, clever
1, screaming 1
a: Renounce Religion, Heroism, Finesse, Duel


You were on level 2 of the Shoals.
You worshipped Okawaru.
Okawaru was extremely pleased with you.
You visited 5 branches of the dungeon, and saw 23 of its levels.
You visited the Abyss 1 time.
You also visited: Bailey.

You collected 2292 gold pieces.
You spent 1784 gold pieces at shops.

Inventory:

Hand Weapons
 l - a +1 vampiric war axe (weapon)
 M - a +0 heavy war axe
 X - a +0 hand axe of flaming
Missiles
 c - 11 curare-tipped darts
 e - 3 atropa-tipped darts
 k - 37 poisoned darts (quivered)
 m - 3 silver javelins
 w - a throwing net
 z - 6 datura-tipped darts
 B - 30 boomerangs
 J - 4 silver boomerangs
 R - 12 javelins
 Y - 3 boomerangs of dispersal
Armour
 s - a +0 pair of boots (worn)
 y - the +1 kite shield of Hoty (worn) {rN+ Str+3}
   (You found it on level 3 of the Dungeon)

   Str:       It affects your strength (+3).
   rN:        It protects you from negative energy.
 I - the +3 cloak "Wodifyucw" (worn) {Contam Will- Regen+ Stlth+}
   (Okawaru gifted it to you on level 11 of the Dungeon)

   Contam:    It causes magical contamination when unequipped.
   Regen:     It increases your rate of health regeneration.
   Will:      It decreases your willpower.
   Stlth:     It makes you more stealthy.
 K - a +2 hat (worn)
 Q - a +5 plate armour of poison resistance (worn)
 S - a +0 pair of gloves (worn)
Jewellery
 a - the ring "Zemadghi" {rF+ rC+ rN+ Dex+3}
   (You bought it in a shop on level 4 of the Dungeon)

   [ring of protection from cold]

   Dex:       It affects your dexterity (+3).
   rF:        It protects you from fire.
   rC:        It protects you from cold.
   rN:        It protects you from negative energy.
 p - the ring "Toih" (right hand) {rElec rPois rC+ SInv}
   (You bought it in a shop on level 4 of the Dungeon)

   [ring of see invisible]

   rC:        It protects you from cold.
   rElec:     It insulates you from electricity.
   rPois:     It protects you from poison.
   SInv:      It lets you see invisible.
 t - a ring of flight (left hand)
 x - a ring of willpower
 F - an amulet of the acrobat (around neck)
 V - a ring of resist corrosion
Wands
 f - a wand of roots (7)
 A - a wand of flame (89)
 D - a wand of mindburst (7)
 E - a wand of acid (12)
 L - a wand of paralysis (13)
 O - a wand of polymorph (6)
Scrolls
 b - 2 scrolls of torment
 h - 5 scrolls of identify
 i - 15 scrolls of teleportation
 j - 2 scrolls of silence
 n - a scroll of blinking
 o - a scroll of brand weapon
 r - 2 scrolls of immolation
 u - 6 scrolls of magic mapping
 H - 4 scrolls of fear
 T - 3 scrolls of poison
 W - 3 scrolls of enchant weapon
Potions
 d - 6 potions of might
 g - 6 potions of mutation
 q - 3 potions of berserk rage
 v - 12 potions of lignification
 C - 2 potions of cancellation
 G - 2 potions of attraction
 N - 9 potions of curing
 P - 3 potions of invisibility
 U - 4 potions of heal wounds
 Z - 10 potions of ambrosia


   Skills:
 + Level 15.2(20.2) Fighting
 - Level 18.0(23.0) Axes
 - Level 8.0(13.0) Throwing
 + Level 15.2(20.2) Armour
 + Level 15.2(20.2) Shields
 - Level 10.0 Invocations


You had 14 spell levels left.
You didn't know any spells.
Your spell library contained the following spells:

 Spells                   Type           Power      Damage    Failure   Level
 Slow                     Hex            0%         N/A       91%         1
 Cigotuvi's Dreadful Rot  Necr/Pois/Air  0%         N/A       97%         2
 Ensorcelled Hibernation  Hex/Ice        0%         N/A       97%         2
 Confusing Touch          Hex            0%         N/A       100%        3
 Dazzling Flash           Conj/Hex       0%         N/A       100%        3
 Hailstorm                Conj/Ice       0%         3d3       100%        3
 Ignite Poison            Fire/Tmut/Pois 0%         N/A       100%        3
 Spider Form              Tmut/Pois      0%         N/A       100%        3
 Vampiric Draining        Necr           0%         2d6       100%        3
 Volatile Blastmotes      Fire/Tloc      0%         2d10      100%        3
 Anguish                  Hex/Necr       0%         N/A       100%        4
 Dispel Undead            Necr           0%         3d6       100%        4
 Fulminant Prism          Conj/Hex       0%         3d5       100%        4
 Ice Form                 Ice/Tmut       0%         N/A       100%        4
 Iskenderun's Mystic Bla  Conj/Tloc      0%         2d3       100%        4
 Passage of Golubria      Tloc           0%         N/A       100%        4
 Freezing Cloud           Conj/Ice/Air   0%         6-21      100%        5
 Lee's Rapid Deconstruct  Erth           0%         3d4*      100%        5
 Metabolic Englaciation   Hex/Ice        0%         N/A       100%        5
 Silence                  Hex/Air        0%         N/A       100%        5
 Starburst                Conj/Fire      0%         6d3       100%        6
 Ozocubu's Refrigeration  Ice            0%         4d7       100%        7
 Lehudib's Crystal Spear  Conj/Erth      0%         10d2      100%        8
 Tukima's Dance           Hex            Unusable   N/A       N/A         3
 Death Channel            Necr           Unusable   N/A       N/A         6
 Simulacrum               Ice/Necr       Unusable   N/A       N/A         6

Dungeon Overview and Level Annotations

Branches:
Dungeon (13/15)            Temple (1/1) D:7            Lair (5/5) D:10
 Shoals (2/4) Lair:3       Spider (0/4) Lair:3        Slime (0/5) Lair:5
    Orc (2/2) D:9             Elf (0/3) Orc:2        Vaults (0/5) D:13
 Bailey (visited)

Altars:
Ashenzari
Cheibriados
Dithmenos
Elyvilon
Fedhas
Gozag
Hepliaklqana
Kikubaaqudgha
Makhleb
Nemelex Xobeh
Okawaru
Qazlal
Ru
Sif Muna
Trog
Uskayaw
Vehumet
Wu Jian
Xom
Yredelemnul
Zin
The Shining One

Shops:
D:1 ?   D:3 [   D:4 =   D:13 !   Orc:1 *   Orc:2 ***[?!   Shoals:1 [

Portals:
Abyss: D:13

Annotations:
Lair:5 2 transporters, Madon's ghost, journeyman GrEE


Innate Abilities, Weirdness & Mutations

You have a pair of horns on your head.
You reflexively headbutt those who attack you in melee.
You have a somewhat thin skeletal structure. (Dex +2, Stealth+)
You sometimes lose your temper in combat.
Your mind is acute. (Int +4, Str/Dex -1)
You occasionally shout uncontrollably at your foes.


Message History

You block the merfolk aquamancer's attack.
You block the snapping turtle's attack.
The merfolk throws a throwing net.
The throwing net hits you.
You become entangled in the net!
You hear a splash.
You gain the combat prowess of a mighty hero.
You feel sick.
The merfolk aquamancer gestures wildly while chanting.
The merfolk aquamancer blinks!
The water elemental hits you.
The water elemental engulfs you in water!
The merfolk aquamancer casts a spell at you.
The torrent of water misses you.
The torrent of water passes through the water elemental.
The torrent of water hits the snapping turtle!!
The snapping turtle is knocked back by the torrent of water.
The wave splashes down.
The water nymph touches you. The water nymph drowns you! The cyclops hits you.
You hear a bellow!
You hear a shout!
You hear a bellow! x2
You tear a large gash into the net.
Your lungs strain for air!
You feel sick.
You are no longer poisoned.
The water elemental completely misses you.
The merfolk aquamancer mumbles some strange words.
The merfolk aquamancer blinks!
The merfolk aquamancer hits you with a +5 rapier of venom.
* * * LOW HITPOINT WARNING * * *
The water nymph casts a spell at you. The water rises up and strikes you.
The snapping turtle bites you but does no damage.
You struggle against the net.
* * * LOW HITPOINT WARNING * * *
Your lungs strain for air!
The water elemental hits you.
The merfolk aquamancer hits you with a +5 rapier of venom.
* * * LOW HITPOINT WARNING * * *
The water nymph gestures at you while chanting.
The water rises up and strikes you!!
* * * LOW HITPOINT WARNING * * *
The cyclops hits you!
You die...

≈....(...~~~~~≈≈≈≈≈
≈≈≈.....~~~~~~~≈≈≈ .
≈≈≈≈....~~~~~~... ..
≈≈≈≈~...~~~~.... §..
.≈≈≈.~~.~(~.... ....
.~≈~~~~~~~~.........
..~~~~mm†~~~.#..§..(
~~~~~~m@Et~~<..(...~
....~~†mC~~~...§...~
....(.~~~..........§
.......~.....~.S.~..
...m....#.~~~.###...
........##..... ~~
~~~~........... ~
~~~~~~~...m.....


You could see 2 merfolk aquamancers, a snapping turtle, a merfolk, a cyclops, a
water elemental and 3 water nymphs.

Vanquished Creatures
  Kirke (Lair:5)
  A tentacled starspawn (Abyss:4)
  An orc warlord (D:9)
  A very ugly thing (D:13)
  Snorg (Lair:4)
  The ghost of VerbalBBQ the Spear-Bearer, a journeyman FoFi of Okawaru (D:13)
  A fire dragon (Lair:5)
  A yaktaur captain (D:13)
  A merfolk impaler (Shoals:1)
  2 great orbs of eyes
  3 hydras
  A centaur warrior (Shoals:1)
  A satyr (Shoals:1)
  4 boulder beetles
  3 two-headed ogres
  6 death yaks
  5 orc high priests (Orc:2)
  A thrashing horror (Abyss:2)
  3 sea snakes
  A wretched star (Abyss:2)
  2 sixfirhies
  2 skysharks (Shoals:1)
  3 spatial maelstroms
  6 orc knights
  2 lindwurms (Lair:5)
  4 harpies (Shoals:1)
  3 deep elf pyromancers
  2 orc sorcerers
  6 fauns (Shoals:1)
  3 starcursed masses
  An ugly thing (D:13)
  7 manticores
  2 cyclopes
  9 elephants
  An oklob plant (Lair:5)
  A merfolk siren (Shoals:1)
  3 worldbinders
  4 black mambas
  Joseph (D:9)
  2 gargoyles
  6 torpor snails
  2 cane toads (Lair:4)
  A kobold demonologist (D:13)
  5 rime drakes
  2 hellions (Abyss:4)
  3 komodo dragons
  2 yaktaurs (D:13)
  An efreet (Abyss:2)
  An ice devil (Abyss:2)
  A tormentor (Abyss:4)
  3 ancient zymes
  A queen bee (D:10)
  4 large abominations
  A merfolk (Shoals:1)
  3 tyrant leeches (Lair:5)
  14 polar bears
  4 wind drakes
  10 trolls
  8 hornets
  6 dream sheep
  Prince Ribbit (D:6)
  5 snapping turtles (Shoals:1)
  4 raiju
  9 slime creatures
  Sigmund (D:3)
  A shadow (D:10)
  A water elemental (Shoals:1)
  2 culicivoras (Lair:3)
  4 vampires
  3 wyverns
  4 ynoxinuls
  2 hogs (Lair:5)
  2 neqoxecs (Abyss:4)
  38 yaks
  3 small abominations
  7 basilisks
  2 chaos spawn
  2 humans (Lair:5)
  5 steam dragons
  2 redbacks (Lair:3)
  A wraith (Abyss:1)
  4 vampire mosquitoes (D:13)
  A spatial vortex (Abyss:4)
  10 wargs
  2 acid dragons
  16 water moccasins
  13 hell hounds (Lair:5)
  45 orc warriors
  6 ice beasts
  2 sky beasts
  12 black bears
  30 wolves
  9 ogres
  12 centaurs
  7 kobold brigands
  A phantom (D:6)
  14 bullfrogs
  6 scorpions
  4 wights (D:8)
  28 killer bees
  5 vampire bats (Bailey)
  2 wolf zombies (Bailey)
  A quasit (D:4)
  4 hounds
  32 orc priests
  2 iron imps (Abyss:2)
  A jelly (D:8)
  Ijyb (D:3)
  An iguana (D:6)
  20 orc wizards
  2 sleepcaps
  Robin (D:3)
  5 gnolls
  7 adders
  A shadow imp (D:6)
  4 white imps
  4 ufetubi
  4 worms
  3 dart slugs
  99 orcs
  3 bats
  9 endoplasms
  6 giant cockroaches
  9 hobgoblins
  6 jackals
  5 quokkas
  8 ball pythons
  6 frilled lizards
  16 goblins
  27 kobolds
  16 orc zombies (Bailey)
  6 rats
  A starspawn tentacle (Abyss:4)
819 creatures vanquished.

Vanquished Creatures (others)
  4 orcs (Orc:1)
  A lurking horror (Abyss:2)
  A starspawn tentacle (Abyss:4)
6 creatures vanquished.

Grand Total: 825 creatures vanquished

Notes
Turn   | Place    | Note
-------+----------+-------------------------------------------
     0 | D:1      | TowerOfEmptiness the Minotaur Fighter began the quest for
                  | the Orb.
     0 | D:1      | Reached XP level 1. HP: 19/19 MP: 0/0
    38 | D:1      | Reached skill level 3 in Axes
    38 | D:1      | Reached XP level 2. HP: 27/27 MP: 1/1
   239 | D:1      | Reached XP level 3. HP: 33/33 MP: 2/2
   412 | D:1      | Found Vysaimel's Magic Scroll Emporium.
  1236 | D:2      | Reached XP level 4. HP: 40/40 MP: 3/3
  1566 | D:3      | Found a stormy altar of Qazlal.
  1616 | D:3      | Reached skill level 4 in Axes
  1689 | D:3      | Identified the +1 kite shield of Hoty {rN+ Str+3}
  1721 | D:3      | Found Aloleod's Antique Armour Boutique.
  1759 | D:3      | Noticed a kobold brigand
  1768 | D:3      | Killed a kobold brigand
  1769 | D:3      | Reached XP level 5. HP: 23/47 MP: 4/4
  1936 | D:3      | Noticed Ijyb
  1943 | D:3      | Reached skill level 5 in Axes
  1944 | D:3      | Killed Ijyb
  2239 | D:3      | Noticed Robin
  2245 | D:3      | Reached XP level 6. HP: 55/55 MP: 5/5
  2247 | D:3      | Killed Robin
  2296 | D:3      | Noticed Sigmund
  2304 | D:3      | Killed Sigmund
  2305 | D:3      | Reached skill level 5 in Fighting
  2305 | D:3      | Reached skill level 5 in Armour
  2305 | D:3      | Reached skill level 5 in Shields
  2403 | D:4      | Reached skill level 6 in Axes
  2403 | D:4      | Reached XP level 7. HP: 61/61 MP: 6/6
  2684 | D:4      | Found a radiant altar of Vehumet.
  2894 | D:4      | Found Zigupoj's Jewellery Emporium.
  2989 | D:5      | Entered Level 5 of the Dungeon
  3052 | D:5      | Reached skill level 7 in Axes
  3144 | D:5      | Reached XP level 8. HP: 62/70 MP: 7/7
  3235 | D:5      | Found a hazy altar of Hepliaklqana.
  3482 | D:5      | Reached skill level 8 in Axes
  3959 | D:6      | Noticed Prince Ribbit
  3968 | D:6      | Killed Prince Ribbit
  3969 | D:6      | Reached skill level 9 in Axes
  4014 | D:6      | Reached XP level 9. HP: 62/79 MP: 8/8
  4465 | D:6      | Found an opulent altar of Gozag.
  4620 | D:6      | Found a hide-covered altar of Uskayaw.
  4848 | D:7      | Reached skill level 10 in Axes
  4855 | D:7      | Found a staircase to the Ecumenical Temple.
  4922 | Temple   | Entered the Ecumenical Temple
  4966 | Temple   | Became a worshipper of Warmaster Okawaru
  5189 | D:7      | Found a flagged portal.
  5197 | Bailey   | Entered a bailey
  5277 | Bailey   | Noticed a gargoyle
  5289 | Bailey   | Killed a gargoyle
  5289 | Bailey   | Reached * piety under Okawaru
  5483 | Bailey   | Reached skill level 1 in Throwing
  5483 | Bailey   | Reached skill level 1 in Invocations
  6198 | D:8      | Reached skill level 11 in Axes
  6213 | D:8      | Reached XP level 10. HP: 45/90 MP: 8/10
  6449 | D:8      | Noticed a moth of wrath
  6464 | D:8      | Found a bloodstained altar of Trog.
  6576 | D:8      | Identified the +3 dagger of Greatest Utility {pain, rF+
                  | Int+5}
  6701 | D:8      | Found a shimmering blue altar of Sif Muna.
  6813 | D:8      | Reached ** piety under Okawaru
  7294 | D:9      | Noticed Joseph
  7310 | D:9      | Killed Joseph
  7583 | D:9      | Found a staircase to the Orcish Mines.
  7629 | D:9      | Reached *** piety under Okawaru
  7773 | D:9      | Found a broken altar of Ashenzari.
  7808 | D:9      | Reached skill level 12 in Axes
  7884 | D:10     | Entered Level 10 of the Dungeon
  8016 | D:10     | Found a snail-covered altar of Cheibriados.
  8090 | D:10     | Reached **** piety under Okawaru
  8204 | D:10     | Reached XP level 11. HP: 78/97 MP: 12/12
  8351 | D:10     | Found a staircase to the Lair.
  8386 | Lair:1   | Entered Level 1 of the Lair of Beasts
  8408 | Lair:1   | Reached ***** piety under Okawaru
  8411 | Lair:1   | Received a gift from Okawaru
  8613 | Lair:1   | You fall into a shaft and drop 1 floor!
  8708 | Lair:1   | Reached skill level 13 in Axes
  9381 | Lair:1   | Reached skill level 10 in Fighting
  9697 | Lair:2   | Reached skill level 10 in Armour
  9790 | Lair:2   | Reached skill level 10 in Shields
  9822 | Lair:2   | Noticed a boulder beetle
  9834 | Lair:2   | Killed a boulder beetle
  9960 | Lair:2   | Noticed a five-headed hydra
  9971 | Lair:2   | Killed a one-headed hydra
  9972 | Lair:2   | Reached skill level 5 in Throwing
 10274 | Lair:2   | Reached skill level 5 in Invocations
 10285 | Lair:2   | Received a gift from Okawaru
 10566 | Lair:2   | Reached XP level 12. HP: 107/107 MP: 14/14
 10814 | Lair:3   | Received a gift from Okawaru
 10814 | Lair:3   | Reached ****** piety under Okawaru
 10821 | Lair:3   | Reached skill level 14 in Axes
 11333 | Lair:3   | Found a staircase to the Shoals.
 11576 | Lair:3   | Received a gift from Okawaru
 11854 | Lair:3   | Found a hole to the Spider Nest.
 12263 | Lair:4   | Identified the +1 robe "Gotan" {Str+6 Int-3 Archmagi}
                  | (Okawaru gifted it to you on level 4 of the Lair of Beasts)
 12263 | Lair:4   | Received a gift from Okawaru
 12519 | Lair:4   | Noticed Snorg
 12541 | Lair:4   | Killed Snorg
 12990 | Lair:5   | Entered Level 5 of the Lair of Beasts
 12990 | Lair:5   | Found a transporter.
 12992 | Lair:5   | Found a transporter.
 13024 | Lair:5   | Found a staircase to the Slime Pits.
 13042 | Lair:5   | Noticed a death yak
 13045 | Lair:5   | Reached skill level 15 in Axes
 13045 | Lair:5   | Noticed a death yak
 13048 | Lair:5   | Noticed a death yak
 13081 | Lair:4   | Killed a death yak
 13325 | Lair:5   | Noticed Kirke
 13338 | Lair:5   | Killed Kirke
 13338 | Lair:5   | Noticed Madon's ghost (journeyman GrEE)
 13339 | Lair:5   | Reached XP level 13. HP: 110/116 MP: 14/16
 13561 | Lair:5   | Identified the +7 chain mail "Ofyecato" {*Slow Str+2 Dex+4
                  | SInv} (Okawaru gifted it to you on level 5 of the Lair of
                  | Beasts)
 13561 | Lair:5   | Received a gift from Okawaru
 14174 | Lair:5   | Reached skill level 16 in Axes
 14366 | Lair:5   | Found a runed translucent door.
 14367 | Lair:5   | Noticed a fire dragon
 15023 | Lair:5   | Reached XP level 14. HP: 28/127 MP: 12/18
 15463 | Lair:5   | Found a bloodstained altar of Trog.
 16064 | D:4      | Bought the ring "Zemadghi" {rF+ rC+ rN+ Dex+3} for 495 gold
                  | pieces
 16064 | D:4      | Bought the ring "Toih" {rElec rPois rC+ SInv} for 402 gold
                  | pieces
 16230 | D:1      | Bought a scroll of torment for 133 gold pieces
 16230 | D:1      | Bought a scroll of immolation for 56 gold pieces
 16232 | D:1      | Bought a scroll of identify for 28 gold pieces
 16232 | D:1      | Bought a scroll of identify for 28 gold pieces
 16232 | D:1      | Bought a scroll of identify for 28 gold pieces
 16453 | Orc:1    | Entered Level 1 of the Orcish Mines
 16453 | Orc:1    | Noticed an orc warlord
 16468 | D:9      | Killed an orc warlord
 16890 | D:9      | Received a gift from Okawaru
 17478 | Orc:1    | Found Goren's Assorted Antiques.
 17487 | Orc:1    | Bought an embroidered hat for 245 gold pieces
 17543 | Orc:2    | Entered Level 2 of the Orcish Mines
 17666 | Orc:2    | Found Fyihit's General Store.
 17668 | Orc:2    | Found Erekimi's Specific Store.
 17730 | Orc:2    | Bought a scroll of identify for 30 gold pieces
 17730 | Orc:2    | Bought a scroll of identify for 30 gold pieces
 17781 | Orc:2    | Found a staircase to the Elven Halls.
 17797 | Orc:2    | Reached skill level 17 in Axes
 17851 | Orc:2    | Paralysed by an orc sorcerer for 5 turns
 17861 | Orc:2    | Received a gift from Okawaru
 18686 | Orc:2    | Gained mutation: Your body sometimes deteriorates upon
                  | taking damage. [a neqoxec]
 19261 | Orc:2    | Found Kibad's Distillery.
 19261 | Orc:2    | Found Nokhuase's General Store.
 19262 | Orc:2    | Found Zuddet's Magic Scroll Shop.
 19262 | Orc:2    | Found Dobiowim's Antique Armour Boutique.
 19354 | Orc:1    | Bought a scroll labelled CYFFISKEST for 35 gold pieces
 19354 | Orc:1    | Bought a scroll labelled CYFFISKEST for 35 gold pieces
 19430 | Orc:2    | Bought a scroll of identify for 32 gold pieces
 19431 | Orc:2    | Bought a scroll of identify for 32 gold pieces
 19842 | Orc:1    | Bought a triangular golden amulet for 175 gold pieces
 20112 | D:10     | Got the Compilation of Jinxing and Snow
 20676 | D:11     | Identified the +3 cloak "Wodifyucw" {Contam Will- Regen+
                  | Stlth+} (Okawaru gifted it to you on level 11 of the
                  | Dungeon)
 20676 | D:11     | Received a gift from Okawaru
 22146 | D:12     | Reached skill level 18 in Axes
 22694 | D:13     | Noticed a green very ugly thing
 22695 | D:13     | Found a transporter.
 22702 | D:13     | Noticed VerbalBBQ's ghost (journeyman FoFi)
 22812 | D:13     | Found a gate to the Vaults.
 23008 | D:13     | Found a transporter.
 23014 | D:13     | Found a one-way gate to the infinite horrors of the Abyss.
 23101 | D:13     | Found Ficketeu's Distillery.
 23113 | D:13     | Reached XP level 15. HP: 136/136 MP: 20/20
 23553 | D:13     | Killed VerbalBBQ's ghost
 23554 | D:13     | Paralysed by a great orb of eyes for 3 turns
 23566 | Abyss:1  | Cast into level 1 of the Abyss (orc knight)
 23705 | Abyss:2  | Found a corrupted altar of Lugonu.
 23710 | Abyss:2  | Found a corrupted altar of Lugonu.
 23710 | Abyss:2  | Found a corrupted altar of Lugonu.
 23849 | Abyss:2  | Received a gift from Okawaru
 24125 | Abyss:2  | Paralysed by a great orb of eyes for 4 turns
 24165 | Abyss:4  | Found a corrupted altar of Lugonu.
 24219 | Abyss:4  | Received a gift from Okawaru
 24229 | Abyss:4  | Noticed a tentacled starspawn
 24236 | Abyss:4  | Killed a tentacled starspawn
 24254 | Abyss:4  | Reached skill level 10 in Invocations
 24335 | Abyss:4  | Received a gift from Okawaru
 24398 | D:13     | Escaped the Abyss
 24692 | Shoals:1 | Entered Level 1 of the Shoals
 24694 | Shoals:1 | Found Eneufir's Armour Emporium.
 25025 | Shoals:1 | Lost mutation: Your body sometimes deteriorates upon taking
                  | damage. [potion of mutation]
 25025 | Shoals:1 | Gained mutation: You sometimes lose your temper in combat.
                  | [potion of mutation]
 25025 | Shoals:1 | Gained mutation: You have a somewhat thin skeletal
                  | structure. (Dex +2, Stealth+) [potion of mutation]
 25025 | Shoals:1 | Gained mutation: You occasionally shout uncontrollably at
                  | your foes. [potion of mutation]
 25025 | Shoals:1 | Gained mutation: Your mind is acute. (Int +4, Str/Dex -1)
                  | [potion of mutation]
 25127 | Shoals:1 | Received a gift from Okawaru
 25131 | Shoals:1 | Reached skill level 15 in Fighting
 25134 | Shoals:1 | Reached skill level 15 in Armour
 25257 | Shoals:1 | Identified the +1 shortbow of Peril {flame, *Slow rPois
                  | Dex+3}
 25382 | Shoals:1 | Reached skill level 15 in Shields
 25545 | Shoals:1 | Received a gift from Okawaru
 25830 | Shoals:2 | Identified the +0 crystal plate armour "Epatiuq" {rPois
                  | Regen+ rCorr Str-4} (Okawaru gifted it to you on level 2 of
                  | the Shoals)
 25830 | Shoals:2 | Received a gift from Okawaru
 25840 | Shoals:2 | HP: 6/141 [water nymph/the raging water (28)]
 25840 | Shoals:2 | Slain by a cyclops

Illustrated notes

Levels and vault maps discovered:
D:1:      minmay_arrival_hallway, layout_loops_ring, serial_shops,
          nicolae_shop_back_alley_shop, reono_crystal_passage,
          minmay_small_reverse_x
D:2:      layout_basic, minmay_pentomino_o2
D:3:      layout_loops_cross, lemuel_crystal_altar, serial_shops, shop,
          minmay_pentomino_pile, uniq_sigmund, uniq_ijyb, uniq_robin
D:4:      layout_rooms, nicolae_vehumet_altar_sigil, serial_demonic,
          serial_demonic_e, serial_demonic_f, serial_demonic_f,
          serial_demonic_b, serial_shops, nicolae_shop_back_alley_shop
D:5:      minmay_chambers_of_fours, layout_loops_ring,
          mainiacjoe_overflow_concentric_impassable
D:6:      layout_rooms, eat_drink_and_be_merry_uskayaw, lemuel_doored_altar,
          serial_curves, eino_curves_04, eino_curves_03, st_stairs_5,
          uniq_prince_ribbit1
D:7:      layout_loops_corners, minmay_temple_entry_ruins, enter_bailey_3
D:8:      layout_basic, nicolae_sif_muna_little_library, tgw_trog, serial_glass,
          glass_columns_c, glass_columns_a, glass_columns_a, glass_columns_c
D:9:      layout_roguey, ashenzari_altar_1,
          kennysheep_orc_monster_closet_entryway, uniq_joseph
D:10:     layout_roguey [special_room_bee], marbit_many_paths,
          hellmonk_lair_entry_icy, kennysheep_generic_room_6
D:11:     layout_layer_cave
D:12:     layout_gridville
D:13:     layout_loops_ring, david_vaults_2, gammafunk_ghost_abyssal_escape,
          serial_shops, nicolae_shop_peninsula, kennysheep_generic_room_14
Temple:   cyrus_circular_temple
Lair:1:   layout_cave_pods, serial_bayou_shore_b, grunt_megastairs_3,
          serial_bayou_shore_b
Lair:2:   layout_concentric_octagons
Lair:3:   layout_regular_city, minmay_shoals_entry_beasts,
          spider_nest_entry_funnel_web
Lair:4:   layout_roguey, serial_bayou_pond_e, uniq_snorg
Lair:5:   hangedman_lair_caniforms_friends, layout_gridlike, wormcave,
          slime_entry_1, gammafunk_ghost_wrathful_warriors,
          minmay_lair_oklob_items, serial_bayou_pond_a, uniq_kirke
Shoals:1: layout_shoals, serial_shops, shop
Shoals:2: layout_shoals, nicolae_splish_splash, uniq_polyphemus
Orc:1:    layout_caves, serial_shops, shop
Orc:2:    st_orc_pillars, layout_diamond_mine, nicolae_specific_store,
          nicolae_orc_lost_temple

Skill      XL: |  1  2  3  4  5  6  7  8  9 10 11 12 13 14 15 |
---------------+----------------------------------------------+-----
Axes           | 3 4 5 6 7 9 11 12 13 15 16 18 | 18.0
Fighting       | 4 5 6 7 8 9 10 11 12 13 15 | 15.2
Shields        | 4 5 6 7 8 9 10 11 12 13 15 | 15.2
Armour         | 4 5 6 7 8 9 10 11 12 13 15 | 15.2
Throwing       | 1 3 5 6 8 |  8.0
Invocations    | 1 3 5 6 7 9 10 | 10.0

Action                     |  1- 3 |  4- 6 |  7- 9 | 10-12 | 13-15 || total
---------------------------+-------+-------+-------+-------+-------++-------
  Melee: War axe           |    71 |    87 |   357 |    48 |   920 ||  1483
         Headbutt          |     9 |    11 |    65 |   115 |   363 ||   563
         Hand axe          |       |       |       |   540 |   494 ||  1034
  Throw: Dart              |       |       |     9 |    52 |    77 ||   138
         Boomerang         |       |       |       |     7 |    25 ||    32
         Javelin           |       |       |       |       |     9 ||     9
 Invoke: Heroism           |       |       |       |     7 |    21 ||    28
         Finesse           |       |       |       |     1 |     7 ||     8
    Use: Potion            |       |     2 |       |       |     7 ||     9
         Scroll            |       |       |       |    15 |    15 ||    30
   Stab: Paralysed         |       |       |       |       |     5 ||     5
 Armour: Scale mail        |    21 |       |       |       |       ||    21
         Plate armour      |    12 |    39 |   160 |   346 |   788 ||  1345
  Dodge: Dodged            |    19 |    31 |   109 |   202 |   500 ||   861
  Block: Buckler           |    17 |     7 |       |       |       ||    24
         Kite shield       |       |    27 |   193 |   384 |  1103 ||  1707
